 Dungeon Sprint DCSS version 0.25-a0-413-g3b4b6a4 (webtiles) character file.

Game seed: 18015146340619814404, levelgen mode: deterministic

5700000 Krakonus1 the Intangible (level 20, -97/118 HPs)
             Began as a Felid Fighter on Jan 16, 2020.
             Was the Champion of Makhleb.
             Annihilated by a sculptor of flesh
             ... wielding a +9 great sword
              (215 damage)
             ... in the Dungeon (Sprint VIII: "Arena of Blood").
             The game lasted 00:03:04 (57 turns).

Krakonus1 the Intangible (Felid Fighter)              Turns: 57, Time: 00:03:04

Health: -97/118    AC:  3    Str: 12    XL:     20   Next: 53%
Magic:  52/52      EV: 44    Int: 10    God:    Makhleb [******]
Gold:   0          SH:  0    Dex: 25    Spells: 73/73 levels left
                                        Lives:  0   Deaths: 5

rFire    . . .     SeeInvis +     - Unarmed
rCold    + . .     Gourm    .   (shield unavailable)
rNeg     . . .     Faith    .   (armour unavailable)
rPois    .         Spirit   .   (helmet unavailable)
rElec    .         Reflect  .   (cloak unavailable)
rCorr    .         Harm     .   (gloves unavailable)
MR       +++..     NoTele   +   (boots unavailable)
Stlth    ++++++++++             (no amulet)
HPRegen  0.29/turn              i - +27000 ring of slaying
MPRegen  0.33/turn              (no ring)

@: quick
A: very small, no armour, no weapons or thrown items, stealth, claws 1, fangs 3,
see invisible, carnivore, speed 1, shaggy fur 3, slow metabolism 1, sharp paws
a: Minor Destruction, Lesser Servant of Makhleb, Major Destruction, Greater
Servant of Makhleb, Renounce Religion


You were in the Dungeon.
You worshipped Makhleb.
Makhleb was exalted by your worship.
You were not hungry.

You visited 1 branch

Inventory:

Jewellery
 i - a +27000 ring of slaying (left paw)
Scrolls
 h - a scroll of blinking
Potions
 a - a potion of might
 c - a potion of curing
 d - a potion of heal wounds
 e - a potion of haste
 f - 2 potions of magic
 g - a potion of berserk rage
Comestibles
 b - a ration


   Skills:
 O Level 27 Fighting
 O Level 27 Dodging
 O Level 27 Stealth
 O Level 27 Unarmed Combat
 O Level 27 Spellcasting
 O Level 27 Invocations


You had 73 spell levels left.
You didn't know any spells.
Your spell library was empty.

Dungeon Overview and Level Annotations

Branches:
Dungeon (1/1)

Altars:
Makhleb


Innate Abilities, Weirdness & Mutations

You cannot wear armour.
You are incapable of wielding weapons or throwing items.
Your paws allow you to move quietly. (Stealth)
You have sharp claws.
You have razor-sharp teeth.
You have supernaturally acute eyesight. (SInv)
You are carnivorous and can eat meat at any time.
You cover ground quickly.
Your thick and shaggy fur keeps you warm. (AC +3, rC+)
You have a slow metabolism.
Your sharp claws are effective at attacking unaware monsters.


Message History

The bag of meat is engulfed in blazing flames.
The crawling corpse moves out of view.
You hear a shout! x5
The bag of meat is engulfed in blazing flames.
You hear a shout!
The bag of meat is engulfed in blazing flames. x2
You hear a shout! x2
Two crawling corpses merge to form a small abomination.
You hear a shout! x2
The destroyer is engulfed in blazing flames.
You hear a shout! x6
The bag of meat is engulfed in blazing flames. x3
You hear a shout!
Found an uncursed ring of see invisible.
You hear a shout! x3
The destroyer is engulfed in blazing flames.
The destroyer blinks!
The sculptor of flesh hits you with a +9 great sword!!!!!
Ouch! That really hurt!
You die...

##### ####### ###....
.=.... ....... .. ..
.......##.##.#####.
......................
####.....##.##.........
..........V...........
#......@...#.#.......
#.....z............####O
.#........o............o
..#.......o.o.x.).x..o.O
..........oo..).)....oOo
.......ozoo○.o......oo.o
......#...°o°o#xx..O.O.o
#.....#...○☼○.#.O.oOoo..
...###...oOO.###..Oo...


You could see a destroyer, 2 sculptors of flesh, 11 bags of meat and a crawling
corpse.

Vanquished Creatures
  4 vampire knights (D)
  10 ogres (D)
  A two-headed ogre (D)
  15 orcs (D)
  A skeletal warrior (D)
  A large abomination (D)
32 creatures vanquished.

Vanquished Creatures (others)
  3 crawling corpses (D)
3 creatures vanquished.

Grand Total: 35 creatures vanquished

Notes
Turn   | Place    | Note
-------+----------+-------------------------------------------
     0 | D        | Krakonus1 the Felid Fighter began the quest for the Orb.
     0 | D        | Reached XP level 1. HP: 10/10 MP: 2/2
     2 | D        | Noticed a bag of meat
     2 | D        | Noticed a bag of meat
     2 | D        | Noticed a bag of meat
     3 | D        | Noticed a bag of meat
     4 | D        | Became a worshipper of Makhleb the Destroyer
     4 | D        | Noticed a meat berserker
     4 | D        | Noticed a meat berserker
     4 | D        | Noticed a bag of meat
     5 | D        | Noticed a meat berserker
     6 | D        | Noticed a bag of meat
     7 | D        | Noticed a bag of meat
     7 | D        | Noticed a meat berserker
     8 | D        | Noticed a bag of meat
     8 | D        | Noticed a meat berserker
     9 | D        | Killed a bag of meat
     9 | D        | Reached skill level 20 in Dodging
     9 | D        | Reached XP level 2. HP: 27/27 MP: 3/3
     9 | D        | Reached XP level 3. HP: 31/31 MP: 4/4
     9 | D        | Reached XP level 4. HP: 35/35 MP: 5/5
     9 | D        | Reached XP level 5. HP: 39/39 MP: 6/6
     9 | D        | Gained mutation: You are covered in thick fur. (AC +2)
                  | [Felid growth]
     9 | D        | Reached XP level 6. HP: 43/43 MP: 7/7
     9 | D        | Reached XP level 7. HP: 47/47 MP: 8/8
     9 | D        | Reached XP level 8. HP: 51/51 MP: 9/9
     9 | D        | Reached XP level 9. HP: 55/55 MP: 10/10
     9 | D        | Reached XP level 10. HP: 59/59 MP: 11/11
     9 | D        | Reached XP level 11. HP: 63/63 MP: 12/12
    10 | D        | Killed a bag of meat
    10 | D        | Reached * piety under Makhleb
    10 | D        | Gained mutation: Your thick and shaggy fur keeps you warm.
                  | (AC +3, rC+) [Felid growth]
    10 | D        | Reached XP level 12. HP: 10/70 MP: 13/13
    10 | D        | Annihilated by a meat berserker
    11 | D        | Reached XP level 11. HP: -30/66 MP: 12/12
    11 | D        | Noticed a meat berserker
    11 | D        | Noticed a bag of meat
    11 | D        | Noticed a bag of meat
    12 | D        | Noticed a meat berserker
    12 | D        | Killed a bag of meat
    12 | D        | Reached skill level 20 in Fighting
    12 | D        | Reached skill level 20 in Unarmed Combat
    12 | D        | Reached XP level 12. HP: 73/73 MP: 13/13
    12 | D        | Reached XP level 13. HP: 76/76 MP: 14/14
    12 | D        | Noticed a bag of meat
    12 | D        | Noticed a bag of meat
    12 | D        | Noticed a large bag of meat
    13 | D        | Killed a meat berserker
    13 | D        | Reached skill level 27 in Dodging
    13 | D        | Reached XP level 14. HP: 85/85 MP: 15/15
    13 | D        | Noticed a bag of meat
    13 | D        | Noticed a bag of meat
    13 | D        | Noticed a bag of meat
    13 | D        | Noticed a bag of meat
    14 | D        | Killed a meat berserker
    14 | D        | Reached ** piety under Makhleb
    14 | D        | Reached XP level 15. HP: 9/93 MP: 16/16
    15 | D        | Annihilated by a meat berserker
    16 | D        | Reached XP level 14. HP: -36/89 MP: 15/15
    16 | D        | Noticed a bag of meat
    16 | D        | Noticed a meat berserker
    18 | D        | Killed a bag of meat
    18 | D        | Reached skill level 27 in Fighting
    18 | D        | Reached skill level 27 in Unarmed Combat
    18 | D        | Noticed a bag of meat
    19 | D        | Killed a bag of meat
    19 | D        | Reached skill level 20 in Stealth
    19 | D        | Reached XP level 15. HP: 95/95 MP: 16/16
    21 | D        | Killed a meat berserker
    21 | D        | Reached *** piety under Makhleb
    21 | D        | Reached skill level 27 in Stealth
    22 | D        | Killed a meat berserker
    22 | D        | Reached skill level 15 in Spellcasting
    22 | D        | Reached XP level 16. HP: 38/100 MP: 16/36
    23 | D        | Killed a meat berserker
    23 | D        | Reached skill level 20 in Invocations
    23 | D        | Reached XP level 17. HP: 104/104 MP: 16/41
    24 | D        | Reached **** piety under Makhleb
    25 | D        | Noticed a destroyer
    26 | D        | Killed a meat berserker
    27 | D        | Killed a meat berserker
    27 | D        | Reached skill level 27 in Invocations
    27 | D        | Reached XP level 18. HP: 32/109 MP: 16/49
    28 | D        | Reached skill level 27 in Spellcasting
    28 | D        | Noticed a destroyer
    29 | D        | Reached ***** piety under Makhleb
    30 | D        | Killed a meat berserker
    30 | D        | Reached XP level 19. HP: 113/113 MP: 17/51
    30 | D        | Noticed a destroyer
    32 | D        | Killed a destroyer
    33 | D        | Noticed a destroyer
    34 | D        | Reached XP level 20. HP: 118/118 MP: 18/52
    36 | D        | Noticed a meat berserker
    36 | D        | Noticed a destroyer
    38 | D        | Killed a meat berserker
    38 | D        | Annihilated by a destroyer
    39 | D        | Reached XP level 19. HP: -116/113 MP: 19/51
    39 | D        | Noticed a large bag of meat
    39 | D        | Noticed a large bag of meat
    39 | D        | Noticed a destroyer
    39 | D        | Noticed a destroyer
    39 | D        | Noticed a large bag of meat
    41 | D        | Reached XP level 20. HP: 118/118 MP: 52/52
    42 | D        | Killed a destroyer
    42 | D        | Reached ****** piety under Makhleb
    42 | D        | Noticed a destroyer
    43 | D        | Noticed a destroyer
    44 | D        | Killed a large bag of meat
    45 | D        | Reached XP level 21. HP: 104/122 MP: 53/53
    46 | D        | Mangled by a destroyer
    47 | D        | Reached XP level 20. HP: -8/118 MP: 52/52
    47 | D        | Noticed a meat berserker
    47 | D        | Noticed a meat berserker
    47 | D        | Noticed a destroyer
    47 | D        | Noticed a destroyer
    47 | D        | Noticed a destroyer
    47 | D        | Noticed a meat berserker
    47 | D        | Noticed a destroyer
    48 | D        | Killed a destroyer
    48 | D        | Noticed a meat berserker
    48 | D        | Noticed a meat berserker
    49 | D        | Noticed a meat berserker
    49 | D        | Noticed a meat berserker
    49 | D        | Noticed a meat berserker
    50 | D        | Noticed a meat berserker
    50 | D        | Killed a destroyer
    50 | D        | Reached XP level 21. HP: 122/122 MP: 53/53
    51 | D        | Noticed an accursed
    51 | D        | Noticed a large bag of meat
    53 | D        | Noticed a destroyer
    53 | D        | Noticed a destroyer
    53 | D        | Noticed a destroyer
    53 | D        | Annihilated by a destroyer
    54 | D        | Reached XP level 20. HP: -40/118 MP: 52/52
    57 | D        | Annihilated by a sculptor of flesh

Levels and vault maps discovered:
D:        meatsprint

Skill      XL: |  1  2  3  4  5  6  7  8  9 10 11 12 13 14 15 16 17 18 |
---------------+-------------------------------------------------------+-----
Fighting       | 16 20 23 27 | 27.0
Dodging        | 20 25 27 | 27.0
Unarmed Combat | 16 20 23 27 | 27.0
Stealth        | 20 27 | 27.0
Spellcasting   | 15 19 26 27 | 27.0
Invocations    | 16 20 27 | 27.0

Action                   |  1- 3 |  4- 6 |  7- 9 | 10-12 | 13-15 | 16-18 | 19-21 || total
-------------------------+-------+-------+-------+-------+-------+-------+-------++-------
Melee: Unarmed           |     1 |       |       |     2 |     6 |     8 |    17 ||    34
Armor: Skin              |       |       |       |       |       |       |     1 ||     1
Dodge: Dodged            |       |       |       |       |     1 |     2 |     6 ||     9

Table legend:
 A = Non-vault XP
 B = Vault XP
 C = Vault XP percentage of total XP
 D = Non-vault monster count
 E = Vault monster count
 F = Vault count percentage of total count
                 A         B        C        D         E       F
            +---------+---------+-------+---------+---------+-------
      Total |  663631 |  263039 |  28.4 |      20 |      12 |  37.5
            +---------+---------+-------+---------+---------+-------
          D |  663631 |  263039 |  28.4 |      20 |      12 |  37.5
            +---------+---------+-------+---------+---------+-------
